Map: Turbo Cruise '84 LE

Players

MaSa

  • Race: Terran Terran
  • League: Master
  • Spawn Location: 7:00

soO - Winner!

  • Race: Zerg Zerg
  • League: Master
  • Spawn Location: 3:00

Event: 2019 Assembly Summer

VOD

Have the link to the VOD?

Description

Time

  • Played on: Aug. 1, 2019, 7:20 a.m.
  • Length: 8:38

All games in this series

Show
View Real Time Build Order
Export as new Build Order

MaSa Terran 

Build Orders:  

Get SALT Encoding   

  12  0:00  SCV  
  13  0:12  SCV  
  14  0:17  Supply Depot  
  14  0:24  SCV  
  15  0:40  Barracks, SCV  
  16  0:44  Refinery  
  16  0:52  SCV  
  17  1:01  Barracks  
  17  1:04  SCV  
  18  1:16  SCV  
  19  1:27  Reaper  
  19  1:28  Orbital Command  
  20  1:39  Barracks  
  20  1:43  Refinery  
  20  1:47  Reaper  
  21  1:54  Supply Depot  
  21  1:57  SCV  
  22  2:04  Reaper  
  23  2:16  SCV  
  23  2:19  Reaper  
  23  2:22  Supply Depot  
  25  2:27  Reaper  
  25  2:28  SCV  
  27  2:36  Reaper  
  28  2:40  SCV  
  29  2:52  Reaper, SCV  
  31  3:03  Command Center  
  31  3:04  SCV  
  32  3:05  Reaper  
  33  3:16  SCV  
  33  3:17  Reaper  
  34  3:28  Engineering Bay, SCV  
  34  3:32  Reaper  
  36  3:40  SCV  
  36  3:41  Reaper  
  34  3:52  SCV  
  34  3:54  Barracks  
  35  3:56  Barracks  
  35  3:58  Reaper  
  36  4:04  Reaper  
  36  4:05  SCV  
  38  4:10  Terran Infantry Weapons Level 1  
  39  4:17  Reaper, SCV  
  39  4:21  Orbital Command  
  40  4:30  Refinery, Reaper  
  41  4:32  SCV  
  41  4:36  Reaper  
  43  4:43  Supply Depot, Reaper  
  43  4:44  SCV  
  45  4:49  Reaper  
  46  4:53  Reaper, SCV  
  46  4:57  Refinery, SCV  
  49  5:03  Reaper  
  49  5:05  SCV  
  51  5:08  Reaper  
  51  5:09  SCV  
  48  5:17  SCV  
  48  5:19  Reaper  
  48  5:21  SCV  
  50  5:22  Reaper  
  50  5:26  Reaper  
  52  5:29  SCV  
  52  5:33  SCV  
  52  5:35  Reaper  
  54  5:40  Reaper  
  54  5:41  SCV  
  56  5:45  Command Center, SCV  
  57  5:50  Supply Depot  
  57  5:51  Reaper  
  57  5:53  SCV  
  57  5:56  Barracks Tech Lab  
  59  5:57  SCV  
  59  6:03  Reaper  
  61  6:05  Barracks x2, SCV  
  61  6:09  SCV  
  61  6:13  Reaper  
  62  6:23  Supply Depot  
  62  6:24  Supply Depot  
  60  6:29  Supply Depot  
  58  6:45  Reaper x2, SCV x2  
  58  6:57  SCV x2  
  57  7:02  Reaper  
  57  7:04  Reaper x2  
  56  7:09  SCV  
  56  7:10  SCV  
  48  7:17  Reaper x2  
  48  7:21  SCV  
  48  7:22  SCV  
  47  7:26  Orbital Command  
  47  7:33  SCV  
  47  7:34  Reaper, SCV  
  47  7:36  Reaper  
  50  7:45  Reaper, SCV  
  50  7:46  SCV  
  50  7:49  Reaper  
  53  7:55  SCV  
  53  7:57  SCV  
  54  8:02  SCV  
  54  8:03  Marine  
  54  8:07  Marine, Marauder  
  56  8:15  SCV  
  56  8:18  SCV  
  53  8:22  Command Center  
Show
View Real Time Build Order
Export as new Build Order

soO Zerg - Winner!

Build Orders: Hatch First 

Get SALT Encoding   

  12  0:01  Drone  
  13  0:12  Overlord  
  13  0:17  Drone  
  14  0:30  Drone x2  
  16  0:48  Hatchery  
  15  0:51  Drone  
  15  0:55  Drone  
  17  0:58  Drone  
  18  1:10  Extractor  
  17  1:13  Spawning Pool  
  17  1:17  Drone  
  17  1:20  Drone  
  18  1:28  Drone  
  19  1:38  Drone  
  20  1:48  Overlord  
  20  2:00  Zergling x2, Queen x2  
  20  2:01  Zergling x2  
  26  2:10  Metabolic Boost  
  26  2:13  Drone x2  
  28  2:29  Drone  
  29  2:36  Drone  
  30  2:40  Hatchery  
  30  2:43  Queen  
  31  2:48  Zergling x2  
  31  2:50  Zergling x2  
  33  2:53  Overlord  
  33  2:57  Zergling x2  
  34  3:02  Zergling x4  
  35  3:15  Zergling x2  
  35  3:16  Zergling x6  
  38  3:26  Queen  
  36  3:42  Drone x4  
  36  3:48  Drone x2  
  41  3:52  Queen  
  41  3:53  Drone  
  41  3:54  Drone x2  
  41  3:55  Drone  
  47  4:01  Overlord  
  47  4:03  Drone  
  47  4:06  Drone  
  47  4:09  Overlord  
  49  4:20  Drone  
  49  4:21  Drone x3  
  49  4:23  Roach Warren  
  52  4:24  Drone  
  53  4:33  Zergling x8  
  53  4:35  Drone x2  
  53  4:37  Drone  
  60  4:38  Extractor  
  60  4:39  Zergling x2  
  60  4:40  Zergling x2  
  60  4:45  Overlord  
  61  4:50  Overlord  
  61  4:54  Overlord  
  61  4:56  Overlord  
  61  4:59  Overlord  
  60  5:08  Roach x5  
  60  5:10  Roach  
  70  5:15  Roach  
  70  5:16  Roach  
  73  5:24  Roach x2  
  76  5:36  Zergling x18  
  76  5:42  Ravager x3  
  88  5:44  Zergling x4  
  90  5:53  Zergling x10  
  90  5:54  Ravager  
  95  6:12  Roach x4  
  95  6:14  Zergling x2  
  95  6:15  Zergling x4  
  95  6:16  Overlord  
  95  6:17  Overlord  
  95  6:18  Overlord  
  100  6:26  Overlord  
  100  6:29  Roach x3  
  100  6:42  Roach  
  100  6:44  Roach x2  
  100  6:51  Roach  
  100  6:52  Roach  
  103  6:59  Roach  
  100  7:01  Zergling x8  
  100  7:02  Zergling x6  
  100  7:06  Roach  
  103  7:11  Extractor  
  103  7:15  Roach x2  
  99  7:18  Roach  
  92  7:26  Ravager  
  92  7:27  Zergling x6  
  95  7:36  Roach x2  
  98  7:37  Roach  
  98  7:40  Drone x9  
  105  7:48  Roach  
  103  7:53  Ravager  
  103  7:55  Drone x3  
  103  8:01  Drone x2  
  99  8:07  Drone x2  
  99  8:11  Drone x2  
  101  8:14  Zergling x4  
  101  8:16  Zergling x2  
  101  8:17  Ravager, Zergling x2  
  101  8:18  Zergling x4  
  108  8:21  Zergling x2  
  108  8:25  Ravager  
  109  8:30  Ravager  
  103  8:35  Extractor x2  
Tags
 
Add a new tag
Caveats
  • Supply blocks, unpowered buildings, or Contaminate may cause inaccurate times.
  • Supply counts are checked every 10 seconds.